[ AOE2 MATCH · #469828702 ]
Team RMFranks vs Mongols
[ REPLAY ANALYSIS · EXTRACTED FROM THE RECORDED GAME ]
Feudal
10:42
Castle
17:29
Imperial
44:04
| APM avg | 27.0 |
| APM peak | 63 |
| eAPM avg | 14.6 |
| Villagers / military | 71 / 137 |
Focus
⚔️ 39.0% · 🌾 61.0%
Spearman ×84 · Knight ×43 · Battering Ram ×9 · Trade Cart ×8 · Scout Cavalry ×1
Feudal
10:32
Castle
21:12
Imperial
39:53
| APM avg | 34.5 |
| APM peak | 81 |
| eAPM avg | 16.7 |
| Villagers / military | 148 / 185 |
Focus
⚔️ 37.0% · 🌾 63.0%
Scout Cavalry ×57 · Skirmisher ×41 · Mangudai ×36 · Camel Scout ×18 · Knight ×16 · Trebuchet (Packed) ×6
Feudal
8:51
Castle
22:57
Imperial
39:41
| APM avg | 27.1 |
| APM peak | 52 |
| eAPM avg | 18.5 |
| Villagers / military | 108 / 265 |
Focus
⚔️ 50.8% · 🌾 49.2%
Archer ×244 · Battering Ram ×9 · Trebuchet (Packed) ×6 · Scout Cavalry ×4 · Monk ×1 · Spearman ×1
Feudal
10:39
Castle
15:47
Imperial
50:36
| APM avg | 51.5 |
| APM peak | 117 |
| eAPM avg | 21.3 |
| Villagers / military | 93 / 88 |
Focus
⚔️ 18.0% · 🌾 82.0%
Skirmisher ×71 · Mangonel ×8 · Battering Ram ×4 · Leitis ×3 · Trebuchet (Packed) ×2
Match map
Initial resources + every placement click. Lines = walls · curves = elevation contours. ◆ gold · ⬟ stone · ● berries · ✦ relic · ◌ wall gap
Inputs per minute
— kingthom - - YerryCrock
Build order — kingthom
First 150 of 351 actions detected
| 0:01 | Create | Villager (Male) |
| 0:01 | Create | Villager (Male) |
| 0:01 | Create | Villager (Male) |
| 0:02 | Create | Villager (Male) |
| 0:03 | Build | House |
| 0:05 | Build | House |
| 0:08 | Build | House |
| 1:28 | Create | Villager (Male) |
| 1:52 | Create | Villager (Male) |
| 2:36 | Create | Villager (Male) |
| 2:37 | Create | Villager (Male) |
| 2:37 | Create | Villager (Male) |
| 2:48 | Create | Villager (Male) |
| 2:48 | Create | Villager (Male) |
| 3:35 | Create | Villager (Male) |
| 4:01 | Build | Lumber Camp |
| 4:09 | Create | Villager (Male) |
| 4:25 | Create | Villager (Male) |
| 4:51 | Create | Villager (Male) |
| 5:00 | Build | Mill |
| 5:18 | Create | Villager (Male) |
| 5:49 | Create | Villager (Male) |
| 6:00 | Create | Villager (Male) |
| 6:18 | Build | House |
| 6:21 | Build | House |
| 6:39 | Create | Villager (Male) |
| 7:40 | Create | Villager (Male) |
| 8:07 | Create | Villager (Male) |
| 8:29 | Research | Feudal Age |
| 8:44 | Build | Mining Camp |
| 8:48 | Create | Villager (Male) |
| 9:07 | Create | Villager (Male) |
| 10:27 | Build | Barracks |
| 10:32 | Build | House |
| 10:36 | Build | Mill |
| 10:42 | Age | Feudal Age |
| 11:06 | Build | Farm |
| 11:36 | Build | Stable |
| 11:42 | Create | Villager (Male) |
| 11:43 | Create | Villager (Male) |
| 11:49 | Create | Spearman |
| 11:49 | Create | Spearman |
| 12:07 | Build | Stone Wall |
| 12:17 | Create | Villager (Male) |
| 12:23 | Build | Farm |
| 12:26 | Build | House |
| 12:31 | Create | Villager (Male) |
| 12:59 | Build | House |
| 13:05 | Build | Farm |
| 13:09 | Build | Farm |
| 13:17 | Build | Farm |
| 13:31 | Create | Villager (Male) |
| 13:53 | Build | Blacksmith |
| 14:05 | Create | Villager (Male) |
| 14:35 | Build | House |
| 14:45 | Build | Stone Wall |
| 14:49 | Research | Castle Age |
| 15:05 | Build | Stable |
| 15:09 | Create | Villager (Male) |
| 15:26 | Create | Spearman |
| 15:26 | Create | Spearman |
| 15:35 | Build | Building 487 |
| 16:00 | Build | Mining Camp |
| 16:07 | Build | House |
| 16:09 | Build | House |
| 16:24 | Create | Villager (Male) |
| 16:57 | Research | Double-Bit Axe |
| 17:12 | Build | House |
| 17:13 | Build | House |
| 17:29 | Age | Castle Age |
| 18:04 | Build | House |
| 18:23 | Build | Town Center |
| 19:08 | Build | Stone Wall |
| 19:36 | Create | Villager (Male) |
| 19:36 | Create | Villager (Male) |
| 19:44 | Build | Farm |
| 19:44 | Build | Farm |
| 19:44 | Build | Farm |
| 19:45 | Build | Farm |
| 19:45 | Build | Farm |
| 19:54 | Create | Villager (Male) |
| 19:57 | Create | Villager (Male) |
| 20:06 | Research | Husbandry |
| 20:06 | Create | Knight |
| 20:07 | Create | Knight |
| 20:07 | Create | Knight |
| 20:07 | Create | Knight |
| 20:23 | Build | Stone Wall |
| 20:36 | Build | Stone Wall |
| 20:39 | Build | Farm |
| 20:39 | Build | Farm |
| 20:46 | Create | Villager (Male) |
| 20:46 | Create | Villager (Male) |
| 20:54 | Research | Stone Mining |
| 21:10 | Build | Farm |
| 21:11 | Build | Farm |
| 21:26 | Build | Farm |
| 22:06 | Build | House |
| 22:15 | Create | Villager (Male) |
| 22:15 | Create | Villager (Male) |
| 22:17 | Create | Villager (Male) |
| 22:18 | Create | Villager (Male) |
| 22:32 | Build | Farm |
| 22:39 | Create | Knight |
| 22:39 | Create | Knight |
| 22:40 | Create | Knight |
| 22:50 | Build | Stone Wall |
| 22:59 | Build | Stone Wall |
| 23:01 | Create | Villager (Male) |
| 23:05 | Research | Wheelbarrow |
| 23:09 | Build | Farm |
| 23:11 | Build | Farm |
| 23:17 | Research | Scale Mail Armor |
| 23:29 | Create | Knight |
| 23:43 | Create | Villager (Male) |
| 23:43 | Create | Villager (Male) |
| 23:56 | Build | Farm |
| 24:08 | Build | Building 490 |
| 24:14 | Build | Stable |
| 24:25 | Create | Knight |
| 24:25 | Create | Knight |
| 24:30 | Research | Forging |
| 24:58 | Create | Villager (Male) |
| 24:59 | Create | Villager (Male) |
| 24:59 | Create | Villager (Male) |
| 25:04 | Create | Spearman |
| 25:04 | Create | Spearman |
| 25:05 | Create | Spearman |
| 25:05 | Create | Spearman |
| 25:05 | Create | Spearman |
| 25:17 | Create | Villager (Male) |
| 26:10 | Research | Pikeman (upgrade) |
| 27:13 | Build | Barracks |
| 27:21 | Research | Iron Casting |
| 27:21 | Research | Chain Mail Armor |
| 27:23 | Create | Villager (Male) |
| 27:24 | Create | Villager (Male) |
| 27:25 | Create | Villager (Male) |
| 27:35 | Create | Villager (Male) |
| 27:36 | Create | Villager (Male) |
| 27:46 | Research | Gold Mining |
| 27:58 | Create | Spearman |
| 27:58 | Create | Spearman |
| 27:59 | Create | Spearman |
| 27:59 | Create | Spearman |
| 27:59 | Create | Spearman |
| 28:24 | Build | Barracks |
| 28:30 | Research | Scale Barding Armor |
| 28:33 | Create | Villager (Male) |
| 28:34 | Create | Villager (Male) |
Build order — YerryCrock
First 150 of 490 actions detected
| 0:00 | Create | Villager (Male) |
| 0:00 | Create | Villager (Male) |
| 0:01 | Create | Villager (Male) |
| 0:01 | Create | Villager (Male) |
| 0:02 | Build | House |
| 0:04 | Build | House |
| 1:29 | Create | Villager (Male) |
| 1:29 | Create | Villager (Male) |
| 2:03 | Create | Villager (Male) |
| 2:03 | Create | Villager (Male) |
| 2:07 | Build | Lumber Camp |
| 2:27 | Create | Villager (Male) |
| 2:28 | Create | Villager (Male) |
| 2:55 | Create | Villager (Male) |
| 3:02 | Create | Villager (Male) |
| 3:02 | Create | Villager (Male) |
| 3:28 | Build | House |
| 3:46 | Create | Villager (Male) |
| 3:46 | Create | Villager (Male) |
| 4:00 | Build | Mill |
| 4:03 | Create | Villager (Male) |
| 4:03 | Create | Villager (Male) |
| 4:37 | Create | Villager (Male) |
| 4:37 | Create | Villager (Male) |
| 4:59 | Create | Villager (Male) |
| 4:59 | Create | Villager (Male) |
| 5:12 | Create | Villager (Male) |
| 5:13 | Create | Villager (Male) |
| 5:32 | Build | House |
| 5:40 | Create | Villager (Male) |
| 6:10 | Create | Villager (Male) |
| 6:11 | Create | Villager (Male) |
| 6:38 | Create | Villager (Male) |
| 6:46 | Build | Farm |
| 6:48 | Build | Farm |
| 6:55 | Create | Villager (Male) |
| 7:35 | Build | Farm |
| 7:40 | Create | Villager (Male) |
| 7:50 | Research | Loom |
| 7:50 | Research | Feudal Age |
| 8:09 | Build | Barracks |
| 8:21 | Create | Villager (Male) |
| 8:21 | Create | Villager (Male) |
| 9:11 | Build | House |
| 9:46 | Build | Palisade Wall |
| 9:49 | Build | Palisade Wall |
| 9:54 | Build | Palisade Wall |
| 10:04 | Create | Villager (Male) |
| 10:32 | Age | Feudal Age |
| 10:33 | Build | Farm |
| 10:37 | Build | Farm |
| 10:56 | Build | Palisade Wall |
| 10:58 | Build | Palisade Wall |
| 11:01 | Create | Villager (Male) |
| 11:21 | Build | Stable |
| 11:35 | Build | Farm |
| 11:48 | Create | Villager (Male) |
| 11:54 | Build | Farm |
| 12:08 | Create | Spearman |
| 12:09 | Research | Double-Bit Axe |
| 12:26 | Build | Farm |
| 12:29 | Create | Villager (Male) |
| 12:46 | Create | Villager (Male) |
| 13:04 | Build | House |
| 13:09 | Build | House |
| 13:16 | Create | Villager (Male) |
| 13:20 | Build | Farm |
| 13:24 | Build | Farm |
| 13:25 | Create | Scout Cavalry |
| 13:29 | Build | House |
| 13:31 | Build | Palisade Wall |
| 13:35 | Create | Villager (Male) |
| 13:45 | Build | Farm |
| 13:48 | Build | Farm |
| 13:57 | Build | Farm |
| 14:11 | Create | Villager (Male) |
| 14:19 | Build | Market |
| 14:33 | Create | Villager (Male) |
| 14:50 | Build | Farm |
| 14:52 | Build | Farm |
| 15:11 | Build | Lumber Camp |
| 15:30 | Build | Palisade Wall |
| 15:31 | Create | Villager (Male) |
| 15:32 | Create | Villager (Male) |
| 15:47 | Create | Scout Cavalry |
| 16:05 | Build | Farm |
| 16:11 | Build | Farm |
| 16:19 | Build | House |
| 16:23 | Build | Palisade Wall |
| 16:27 | Create | Villager (Male) |
| 16:36 | Create | Villager (Male) |
| 16:38 | Build | Mining Camp |
| 16:59 | Build | Palisade Wall |
| 17:04 | Create | Villager (Male) |
| 17:04 | Create | Villager (Male) |
| 17:13 | Build | Palisade Wall |
| 17:18 | Build | Palisade Wall |
| 17:19 | Build | Palisade Wall |
| 17:22 | Create | Villager (Male) |
| 17:47 | Build | Blacksmith |
| 17:49 | Research | Horse Collar |
| 18:14 | Build | Building 796 |
| 18:25 | Research | Castle Age |
| 18:54 | Build | Farm |
| 18:56 | Build | Farm |
| 19:00 | Build | Farm |
| 19:04 | Create | Villager (Male) |
| 19:04 | Create | Villager (Male) |
| 19:49 | Build | Farm |
| 21:12 | Age | Castle Age |
| 21:23 | Create | Villager (Male) |
| 21:30 | Build | Stable |
| 21:32 | Research | Husbandry |
| 21:39 | Create | Camel Scout |
| 21:45 | Build | Town Center |
| 21:49 | Research | Bow Saw |
| 22:00 | Build | Town Center |
| 22:11 | Create | Villager (Male) |
| 22:11 | Create | Villager (Male) |
| 22:38 | Create | Villager (Male) |
| 22:38 | Create | Villager (Male) |
| 22:43 | Research | Gold Mining |
| 23:00 | Create | Villager (Male) |
| 23:00 | Create | Villager (Male) |
| 23:02 | Research | Heavy Plow |
| 23:07 | Build | House |
| 23:10 | Build | House |
| 23:16 | Create | Camel Scout |
| 23:16 | Create | Camel Scout |
| 23:17 | Create | Camel Scout |
| 23:18 | Create | Camel Scout |
| 23:23 | Create | Villager (Male) |
| 23:23 | Create | Villager (Male) |
| 23:23 | Create | Villager (Male) |
| 23:24 | Create | Villager (Male) |
| 23:24 | Create | Villager (Male) |
| 23:31 | Build | Farm |
| 23:36 | Build | Farm |
| 23:41 | Build | Farm |
| 23:42 | Build | Farm |
| 23:42 | Build | Farm |
| 23:42 | Build | Farm |
| 23:47 | Build | Lumber Camp |
| 23:53 | Build | House |
| 23:56 | Create | Villager (Male) |
| 23:56 | Create | Villager (Male) |
| 23:57 | Create | Villager (Male) |
| 24:00 | Create | Camel Scout |
| 24:00 | Create | Camel Scout |
| 24:01 | Research | Bloodlines |
Build order — kingrog
First 150 of 533 actions detected
| 0:00 | Create | Villager (Male) |
| 0:01 | Create | Villager (Male) |
| 0:01 | Create | Villager (Male) |
| 0:01 | Create | Villager (Male) |
| 0:03 | Build | House |
| 0:04 | Build | House |
| 1:19 | Create | Villager (Male) |
| 1:20 | Create | Villager (Male) |
| 1:45 | Build | Lumber Camp |
| 1:48 | Create | Villager (Male) |
| 2:04 | Create | Villager (Male) |
| 2:14 | Build | House |
| 2:21 | Create | Villager (Male) |
| 2:36 | Create | Villager (Male) |
| 3:00 | Create | Villager (Male) |
| 3:28 | Create | Villager (Male) |
| 3:54 | Create | Villager (Male) |
| 4:18 | Create | Villager (Male) |
| 4:18 | Create | Villager (Male) |
| 4:46 | Create | Villager (Male) |
| 5:17 | Build | House |
| 5:23 | Create | Villager (Male) |
| 5:31 | Build | Mill |
| 6:38 | Research | Feudal Age |
| 7:19 | Build | Barracks |
| 7:45 | Build | Palisade Wall |
| 8:11 | Build | House |
| 8:23 | Research | Loom |
| 8:23 | Create | Villager (Male) |
| 8:36 | Build | Mining Camp |
| 8:42 | Create | Villager (Male) |
| 8:51 | Age | Feudal Age |
| 8:54 | Build | Archery Range |
| 8:59 | Build | Palisade Wall |
| 9:13 | Build | Palisade Wall |
| 9:18 | Build | Palisade Wall |
| 9:24 | Build | Palisade Wall |
| 9:28 | Create | Villager (Male) |
| 9:50 | Build | House |
| 9:51 | Build | House |
| 9:55 | Create | Archer |
| 10:28 | Build | Palisade Wall |
| 10:32 | Create | Villager (Male) |
| 10:38 | Create | Spearman |
| 10:39 | Create | Archer |
| 10:46 | Create | Villager (Male) |
| 10:46 | Create | Villager (Male) |
| 10:53 | Research | Double-Bit Axe |
| 11:16 | Build | Palisade Wall |
| 11:19 | Create | Villager (Male) |
| 11:22 | Create | Archer |
| 11:35 | Build | Blacksmith |
| 11:44 | Create | Archer |
| 12:06 | Build | Archery Range |
| 12:09 | Create | Villager (Male) |
| 12:10 | Create | Villager (Male) |
| 12:22 | Create | Villager (Male) |
| 12:34 | Create | Archer |
| 13:01 | Build | House |
| 13:03 | Create | Archer |
| 13:04 | Create | Archer |
| 13:09 | Build | Building 796 |
| 13:18 | Research | Horse Collar |
| 13:37 | Create | Archer |
| 13:38 | Create | Archer |
| 13:40 | Build | Farm |
| 13:43 | Build | Farm |
| 13:47 | Create | Villager (Male) |
| 13:57 | Create | Archer |
| 14:03 | Build | Farm |
| 14:15 | Create | Archer |
| 14:21 | Build | House |
| 14:21 | Build | House |
| 14:31 | Research | Fletching |
| 14:34 | Build | Farm |
| 14:46 | Create | Villager (Male) |
| 15:06 | Build | Farm |
| 15:15 | Create | Archer |
| 15:15 | Create | Archer |
| 15:17 | Create | Villager (Male) |
| 15:36 | Build | Farm |
| 15:41 | Create | Villager (Male) |
| 15:43 | Build | Farm |
| 15:51 | Create | Villager (Male) |
| 16:06 | Build | Farm |
| 16:46 | Create | Villager (Male) |
| 16:46 | Create | Villager (Male) |
| 16:48 | Build | Farm |
| 16:55 | Build | Farm |
| 17:18 | Create | Villager (Male) |
| 17:19 | Create | Archer |
| 17:19 | Create | Archer |
| 17:22 | Build | Farm |
| 17:43 | Build | Farm |
| 17:43 | Build | Farm |
| 17:43 | Build | Farm |
| 17:44 | Build | Farm |
| 17:44 | Build | Farm |
| 17:47 | Build | House |
| 18:02 | Build | House |
| 18:08 | Create | Villager (Male) |
| 18:11 | Create | Archer |
| 18:11 | Create | Archer |
| 18:24 | Build | House |
| 18:28 | Create | Villager (Male) |
| 18:30 | Build | Farm |
| 18:54 | Build | Farm |
| 18:59 | Create | Archer |
| 18:59 | Create | Archer |
| 19:01 | Create | Villager (Male) |
| 19:20 | Build | Farm |
| 19:48 | Build | Farm |
| 19:49 | Create | Villager (Male) |
| 19:52 | Create | Archer |
| 19:52 | Create | Archer |
| 20:08 | Build | Farm |
| 20:17 | Research | Castle Age |
| 20:18 | Create | Archer |
| 20:18 | Create | Archer |
| 20:18 | Create | Archer |
| 20:36 | Create | Archer |
| 20:36 | Create | Archer |
| 21:11 | Create | Archer |
| 21:11 | Create | Archer |
| 21:11 | Create | Archer |
| 21:16 | Create | Villager (Male) |
| 21:42 | Build | House |
| 21:44 | Build | House |
| 21:55 | Create | Archer |
| 21:55 | Create | Archer |
| 22:05 | Research | Padded Archer Armor |
| 22:18 | Build | Building 796 |
| 22:21 | Create | Villager (Male) |
| 22:29 | Create | Archer |
| 22:29 | Create | Archer |
| 22:57 | Age | Castle Age |
| 23:06 | Build | Town Center |
| 23:09 | Research | Crossbowman (upgrade) |
| 23:12 | Research | Bodkin Arrow |
| 23:18 | Build | University |
| 23:22 | Create | Villager (Male) |
| 23:25 | Create | Archer |
| 23:25 | Create | Archer |
| 23:40 | Create | Archer |
| 23:40 | Create | Archer |
| 23:48 | Research | Bow Saw |
| 24:02 | Build | House |
| 24:04 | Build | House |
| 24:05 | Build | House |
| 24:06 | Build | House |
Build order — LA BESTIOTA
First 150 of 270 actions detected
| 0:00 | Create | Villager (Male) |
| 0:01 | Create | Villager (Male) |
| 0:01 | Create | Villager (Male) |
| 0:02 | Build | House |
| 0:03 | Build | House |
| 1:00 | Create | Villager (Male) |
| 1:00 | Create | Villager (Male) |
| 1:01 | Create | Villager (Male) |
| 1:20 | Create | Villager (Male) |
| 1:20 | Create | Villager (Male) |
| 1:52 | Create | Villager (Male) |
| 1:52 | Create | Villager (Male) |
| 2:12 | Build | Lumber Camp |
| 3:21 | Create | Villager (Male) |
| 3:21 | Create | Villager (Male) |
| 3:21 | Create | Villager (Male) |
| 4:00 | Build | House |
| 4:02 | Create | Villager (Male) |
| 4:02 | Create | Villager (Male) |
| 4:11 | Build | Mill |
| 4:31 | Create | Villager (Male) |
| 4:32 | Create | Villager (Male) |
| 4:32 | Create | Villager (Male) |
| 4:32 | Create | Villager (Male) |
| 5:24 | Create | Villager (Male) |
| 5:25 | Create | Villager (Male) |
| 5:46 | Create | Villager (Male) |
| 6:19 | Create | Villager (Male) |
| 6:33 | Research | Loom |
| 6:40 | Build | House |
| 6:45 | Create | Villager (Male) |
| 6:48 | Create | Villager (Male) |
| 7:09 | Build | House |
| 7:32 | Build | Building 796 |
| 7:43 | Create | Villager (Male) |
| 8:00 | Create | Villager (Male) |
| 8:27 | Create | Villager (Male) |
| 8:29 | Research | Feudal Age |
| 8:37 | Create | Villager (Male) |
| 8:38 | Create | Villager (Male) |
| 8:42 | Build | Mining Camp |
| 10:04 | Build | Palisade Wall |
| 10:10 | Build | Palisade Wall |
| 10:39 | Age | Feudal Age |
| 10:51 | Build | Market |
| 10:55 | Build | Blacksmith |
| 11:41 | Create | Villager (Male) |
| 11:41 | Create | Villager (Male) |
| 11:59 | Build | Barracks |
| 12:18 | Build | Farm |
| 12:20 | Build | Farm |
| 12:26 | Build | Farm |
| 12:32 | Build | Farm |
| 12:37 | Create | Villager (Male) |
| 13:07 | Research | Castle Age |
| 13:16 | Build | Farm |
| 13:22 | Build | Farm |
| 13:25 | Build | Farm |
| 13:38 | Build | Farm |
| 13:48 | Build | House |
| 13:56 | Build | Palisade Wall |
| 14:10 | Build | House |
| 14:24 | Build | Farm |
| 15:11 | Build | House |
| 15:18 | Build | Palisade Wall |
| 15:21 | Build | Palisade Wall |
| 15:47 | Age | Castle Age |
| 15:50 | Build | Town Center |
| 15:54 | Create | Villager (Male) |
| 15:55 | Create | Villager (Male) |
| 18:52 | Create | Villager (Male) |
| 18:52 | Create | Villager (Male) |
| 18:54 | Create | Villager (Male) |
| 19:52 | Build | Town Center |
| 20:38 | Create | Villager (Male) |
| 20:38 | Create | Villager (Male) |
| 20:39 | Create | Villager (Male) |
| 20:39 | Create | Villager (Male) |
| 20:44 | Build | Farm |
| 20:53 | Build | Farm |
| 21:09 | Create | Villager (Male) |
| 21:10 | Create | Villager (Male) |
| 21:14 | Build | Archery Range |
| 21:47 | Create | Skirmisher |
| 21:48 | Create | Skirmisher |
| 22:12 | Build | Palisade Wall |
| 22:18 | Create | Skirmisher |
| 22:39 | Build | Farm |
| 22:39 | Build | Farm |
| 22:43 | Create | Villager (Male) |
| 22:43 | Create | Villager (Male) |
| 22:43 | Create | Villager (Male) |
| 22:54 | Build | Farm |
| 22:57 | Build | Farm |
| 22:58 | Create | Skirmisher |
| 23:26 | Build | Town Center |
| 23:36 | Research | Double-Bit Axe |
| 23:41 | Research | Horse Collar |
| 23:58 | Create | Skirmisher |
| 23:58 | Create | Skirmisher |
| 24:08 | Research | Fletching |
| 24:10 | Create | Villager (Male) |
| 24:11 | Create | Villager (Male) |
| 24:43 | Create | Villager (Male) |
| 24:43 | Create | Villager (Male) |
| 24:45 | Create | Villager (Male) |
| 24:46 | Create | Villager (Male) |
| 24:52 | Build | Farm |
| 24:52 | Build | Farm |
| 25:19 | Build | Lumber Camp |
| 25:38 | Research | Bodkin Arrow |
| 25:54 | Create | Skirmisher |
| 25:54 | Create | Skirmisher |
| 26:08 | Create | Villager (Male) |
| 27:05 | Research | Padded Archer Armor |
| 27:26 | Build | Farm |
| 27:26 | Build | Farm |
| 27:27 | Build | Farm |
| 27:28 | Create | Villager (Male) |
| 27:29 | Create | Villager (Male) |
| 27:31 | Create | Villager (Male) |
| 27:31 | Create | Villager (Male) |
| 27:54 | Research | Leather Archer Armor |
| 28:19 | Create | Villager (Male) |
| 28:19 | Create | Villager (Male) |
| 28:19 | Create | Villager (Male) |
| 28:19 | Create | Villager (Male) |
| 28:26 | Research | Wheelbarrow |
| 29:28 | Build | Siege Workshop |
| 29:46 | Research | Town Watch |
| 30:00 | Create | Mangonel |
| 30:22 | Build | Lumber Camp |
| 30:40 | Build | Mining Camp |
| 30:46 | Create | Skirmisher |
| 30:47 | Create | Skirmisher |
| 31:48 | Create | Villager (Male) |
| 31:48 | Create | Villager (Male) |
| 31:49 | Create | Villager (Male) |
| 31:49 | Create | Villager (Male) |
| 31:53 | Create | Mangonel |
| 31:53 | Create | Mangonel |
| 31:56 | Create | Skirmisher |
| 31:56 | Create | Skirmisher |
| 31:59 | Create | Skirmisher |
| 33:09 | Build | Lumber Camp |
| 33:18 | Create | Villager (Male) |
| 33:18 | Create | Villager (Male) |
| 33:19 | Create | Villager (Male) |
| 33:19 | Create | Villager (Male) |
| 33:35 | Create | Skirmisher |
Match timeline
| 7:19 | kingrog · first_building Barracks |
| 7:45 | kingrog · wall_segment Palisade Wall x6 |
| 8:09 | YerryCrock · first_building Barracks |
| 8:51 | kingrog · age_up feudal |
| 8:54 | kingrog · first_building Archery Range |
| 8:59 | kingrog · wall_segment Palisade Wall x9 |
| 9:13 | kingrog · wall_segment Palisade Wall x2 |
| 9:18 | kingrog · wall_segment Palisade Wall x9 |
| 9:24 | kingrog · wall_segment Palisade Wall x3 |
| 9:46 | YerryCrock · wall_segment Palisade Wall x6 |
| 9:49 | YerryCrock · wall_segment Palisade Wall x4 |
| 9:54 | YerryCrock · wall_segment Palisade Wall x9 |
| 10:04 | LA BESTIOTA · wall_segment Palisade Wall x1 |
| 10:10 | LA BESTIOTA · wall_segment Palisade Wall x1 |
| 10:27 | kingthom · first_building Barracks |
| 10:28 | kingrog · wall_segment Palisade Wall x12 |
| 10:32 | YerryCrock · age_up feudal |
| 10:39 | LA BESTIOTA · age_up feudal |
| 10:42 | kingthom · age_up feudal |
| 10:56 | YerryCrock · wall_segment Palisade Wall x15 |
| 10:58 | YerryCrock · wall_segment Palisade Wall x1 |
| 11:16 | kingrog · wall_segment Palisade Wall x17 |
| 11:21 | YerryCrock · first_building Stable |
| 11:36 | kingthom · first_building Stable |
| 11:59 | LA BESTIOTA · first_building Barracks |
| 12:07 | kingthom · wall_segment Stone Wall x16 |
| 13:31 | YerryCrock · wall_segment Palisade Wall x1 |
| 13:56 | LA BESTIOTA · wall_segment Palisade Wall x6 |
| 14:45 | kingthom · wall_segment Stone Wall x9 |
| 15:18 | LA BESTIOTA · wall_segment Palisade Wall x2 |
| 15:21 | LA BESTIOTA · wall_segment Palisade Wall x4 |
| 15:30 | YerryCrock · wall_segment Palisade Wall x8 |
| 15:47 | LA BESTIOTA · age_up castle |
| 16:23 | YerryCrock · wall_segment Palisade Wall x4 |
| 16:59 | YerryCrock · wall_segment Palisade Wall x13 |
| 17:13 | YerryCrock · wall_segment Palisade Wall x5 |
| 17:18 | YerryCrock · wall_segment Palisade Wall x2 |
| 17:19 | YerryCrock · wall_segment Palisade Wall x5 |
| 17:29 | kingthom · age_up castle |
| 17:32 | YerryCrock · first_market_sell 100 food |
| 19:08 | kingthom · wall_segment Stone Wall x15 |
| 20:23 | kingthom · wall_segment Stone Wall x4 |
| 20:36 | kingthom · wall_segment Stone Wall x8 |
| 21:12 | YerryCrock · age_up castle |
| 21:14 | LA BESTIOTA · first_building Archery Range |
| 22:12 | LA BESTIOTA · wall_segment Palisade Wall x1 |
| 22:36 | LA BESTIOTA · first_market_buy 100 wood |
| 22:50 | kingthom · wall_segment Stone Wall x13 |
| 22:57 | kingrog · age_up castle |
| 22:59 | kingthom · wall_segment Stone Wall x5 |
| 24:16 | YerryCrock · wall_segment Palisade Wall x1 |
| 24:17 | YerryCrock · wall_segment Palisade Wall x4 |
| 26:27 | kingrog · first_building Siege Workshop |
| 28:32 | YerryCrock · first_building Monastery |
| 29:24 | kingthom · wall_segment Stone Wall x8 |
| 29:28 | LA BESTIOTA · first_building Siege Workshop |
| 30:12 | YerryCrock · first_building Castle |
| 30:56 | kingthom · first_building Monastery |
| 32:36 | kingthom · first_building Castle |
| 34:34 | kingthom · first_building Siege Workshop |
| 34:51 | kingthom · wall_segment Stone Wall x16 |
| 38:28 | kingrog · first_building Castle |
| 39:02 | LA BESTIOTA · first_building Castle |
| 39:41 | kingrog · age_up imperial |
| 39:43 | LA BESTIOTA · wall_segment Palisade Wall x1 |
| 39:44 | LA BESTIOTA · wall_segment Palisade Wall x1 |
| 39:45 | LA BESTIOTA · wall_segment Palisade Wall x1 |
| 39:53 | YerryCrock · age_up imperial |
| 40:01 | kingrog · first_market_sell 100 wood |
| 40:41 | LA BESTIOTA · wall_segment Palisade Wall x1 |
| 40:49 | LA BESTIOTA · wall_segment Palisade Wall x1 |
| 40:57 | YerryCrock · first_market_buy 100 wood |
| 43:06 | kingrog · first_building Stable |
| 43:14 | YerryCrock · first_building Archery Range |
| 44:04 | kingthom · age_up imperial |
| 48:45 | kingrog · tribute_sent a jugador 1 |
| 48:45 | kingrog · tribute_sent a jugador 3 |
| 48:45 | kingrog · tribute_sent a jugador 4 |
| 50:27 | kingrog · wall_segment Stone Wall x17 |
| 50:32 | kingrog · wall_segment Stone Wall x5 |
| 50:36 | LA BESTIOTA · age_up imperial |
| 50:41 | kingrog · first_building Monastery |
| 52:43 | LA BESTIOTA · first_market_sell 100 wood |
| 53:02 | kingthom · first_market_sell 100 stone |
| 55:02 | YerryCrock · resign |
[ AI ANALYSIS · 1 CREDIT ]
What really happened in this match?
Wolo.gg analyzes every decision: build order, eco, micro, common mistakes by bracket. Personalized analysis on WhatsApp or Discord in 30 seconds.
Civ guide
Franks
Map guide
Arabia
Perfil
kingthom